cohdb
Replays
Latest Replays
All Replays
Popular Replays
Top Player Replays
Match Explorer
How It Works
Community
CoH3 Stats
Reddit
Sign in to upload your games and track your stats! →
Sign in with Steam
Match 38492838
Unlisted
Match 38492838
Overview
Messages
Build Orders
End
Kradschützen Motorcycle Team
Panzergrenadier Squad
250 Light Carrier
Panzergrenadier Squad
Construct Light Support Kompanie
MG34 Team
MG34 Team
Fire Support Elements
Assault Mechanized Group
Flakvierling Half-track
Panzerjäger Squad
MG34 Team
Kradschützen Motorcycle Team
Panzerjäger Mechanized Group
2.5-tonne Medical Truck
Selects Armored Support Battlegroup
Selects Veteran Gunners
Selects Flammpanzer III Medium Tank
Selects Salvage Kits
Flammpanzer III Medium Tank
Panzerjäger Squad
AI Takeover
jack.lee
蒼天落葉
LEV-Detahaven
C.R575
0
0
Comments
sign in to comment!
No comments posted yet!